 Seeded DCSS version 0.30.1-11-g7821555f0a (webtiles) character file.

Game seed: 5 (custom seed)

6128 Kazon the Chopper (level 10, -2/88 HPs)
             Began as a Naga Fighter on Jan 4, 2024.
             Was an Elder of Okawaru.
             Slain by a polar bear (12 damage)
             ... on level 8 of the Dungeon on Jan 8, 2024.
             The game lasted 00:38:15 (5650 turns).

Kazon the Chopper (Naga Fighter)                    Turns: 5650, Time: 00:38:16

Health: -2/88      AC: 16    Str: 23    XL:     10   Next: 89%
Magic:  13/14      EV:  9    Int:  8    God:    Okawaru [****..]
Gold:   304        SH: 17    Dex: 17    Spells: 9/9 levels left

rFire   . . .        v - +0 hand axe (vamp)
rCold   . . .        c - +0 tower shield
rNeg    . . .        b - +0 scale mail
rPois   +            l - +0 helmet
rElec   .            (no cloak)
rCorr   .            a - +0 pair of gloves
SInv    +            (no barding)
Will    +....        (no amulet)
Stlth   +++          o - +4 ring of protection
HPRegen 0.34/turn    z - +6 ring of dexterity
MPRegen 0.14/turn

%: no passive effects
@: heroic, very slow
A: AC +3, large, see invisible, deformed body, poison resistance, slowness 2,
spit poison 1, naga tail 1
a: Spit Poison, Renounce Religion, Heroism, Finesse


You were on level 8 of the Dungeon.
You worshipped Okawaru.
Okawaru was greatly pleased with you.
You visited 2 branches of the dungeon, and saw 9 of its levels.
You also visited: Ossuary.

You collected 475 gold pieces.
You spent 171 gold pieces at shops.

Inventory:

Hand Weapons
 e - a +2 vampiric dagger
 f - a +0 hand axe of flaming
 h - a +0 whip of holy wrath
 q - a +2 broad axe of venom
 v - a +0 vampiric hand axe (weapon)
Missiles
 j - 10 boomerangs
 s - 7 poisoned darts (quivered)
Armour
 a - a +0 pair of gloves (worn)
 b - a +0 scale mail (worn)
 c - a +0 tower shield (worn)
 l - a +0 helmet (worn)
Jewellery
 o - a +4 ring of protection (left hand)
 z - a +6 ring of dexterity (right hand)
Wands
 y - a wand of paralysis (8)
 D - a wand of digging (7)
Scrolls
 g - a scroll of fog {unknown}
 m - a scroll of blinking {unknown}
 n - 2 scrolls of magic mapping {unknown}
 p - 4 scrolls of identify
 t - 3 scrolls of teleportation {unknown}
 w - a scroll of torment {unknown}
 x - a scroll of poison {unknown}
 B - a scroll of amnesia {unknown}
 G - a scroll of enchant armour {unknown}
 K - 2 scrolls of fear {unknown}
 L - a scroll of enchant weapon {unknown}
Potions
 d - a potion of might
 i - 2 potions of invisibility {unknown}
 k - 5 potions of curing {unknown}
 r - a potion of cancellation {unknown}
 u - 2 potions of berserk rage {unknown}
 A - 2 potions of heal wounds
 C - a potion of lignification {unknown}
 E - a potion of resistance {unknown}
 F - 5 potions of flight {unknown}
 H - a potion of magic
 I - a potion of haste {unknown}
 J - 2 potions of brilliance {unknown}


   Skills:
 + Level 5.2(10.2) Fighting
 + Level 7.9(13.2) Axes
 + Level 3.2(11.0) Maces & Flails
 + Level 4.0(9.0) Throwing
 + Level 5.6(10.6) Armour
 + Level 2.1(7.1) Dodging
 + Level 5.5(10.5) Stealth
 + Level 5.6(10.6) Shields
 * Level 6.1 Invocations
 * Level 5.0 Evocations


You had 9 spell levels left.
You didn't know any spells.
Your spell library contained the following spells:

 Spells                   Type           Power      Damage    Failure   Level
 Frozen Ramparts          Ice            0%         1d1       100%        3
 Ignite Poison            Fire/Tmut/Pois 0%         N/A       100%        3
 Ice Form                 Ice/Tmut       0%         N/A       100%        4
 Sticky Flame             Conj/Fire      0%         2d3       100%        4
 Eringya's Noxious Bog    Tmut/Pois      0%         N/A       100%        6
 Ignition                 Fire           0%         3d3       100%        8
 Summon Ice Beast         Ice/Summ       Unusable   N/A       N/A         4
 Summon Forest            Summ/Tloc      Unusable   N/A       N/A         5
 Summon Hydra             Summ           Unusable   N/A       N/A         7

Dungeon Overview and Level Annotations

Branches:
Dungeon (8/15)             Temple (1/1) D:4            Lair (0/5) D:8
Ossuary (visited)

Altars:
Dithmenos
Fedhas
Gozag
Hepliaklqana
Okawaru
Qazlal
Trog
Uskayaw
Wu Jian
Xom
The Shining One

Shops:
D:8 *


Innate Abilities, Weirdness & Mutations

Your serpentine skin is tough. (AC +3)
You have supernaturally acute eyesight. (SInv)
Armour fits poorly on your strangely shaped body.
Your system is resistant to poisons. (rPois)
You cover ground very slowly.
You can spit poison.
You have a snake-like lower body.


Message History

The polar bear is lightly wounded.
You block the polar bear's attack.
The polar bear claws you but does no damage.
The polar bear closely misses you.
You hit the polar bear.
You feel better.
The polar bear is moderately wounded.
You hit the polar bear.
The polar bear is moderately wounded.
The polar bear looks more healthy.
You block the polar bear's attack. x2
The polar bear barely misses you.
You slash the polar bear!
You feel better.
The polar bear is heavily wounded.
The polar bear bites you!
* * * LOW HITPOINT WARNING * * *
You block the polar bear's attack. x2
You hit the polar bear but do no damage.
The polar bear is heavily wounded.
You block the polar bear's attack.
The polar bear claws you but does no damage.
The polar bear completely misses you.
You slash the polar bear!
The polar bear is severely wounded.
The polar bear bites you!
* * * LOW HITPOINT WARNING * * *
You block the polar bear's attack. The polar bear barely misses you.
You hit the polar bear but do no damage.
The polar bear is severely wounded.
The polar bear goes berserk!
You hit the polar bear but do no damage.
The polar bear is severely wounded.
The polar bear bites you but does no damage.
You block the polar bear's attack. The polar bear closely misses you.
You slash the polar bear!
The polar bear is almost dead.
The polar bear bites you but does no damage.
You block the polar bear's attack. The polar bear misses you.
You hit the polar bear but do no damage.
The polar bear is almost dead.
You block the polar bear's attack. x3; The polar bear bites you!
You die...

#.## #.. ##.# #.. #.#
#.. # #.## #.P ###.
##..# #. ....# ##...##
###. .....###.....###
###... ............#..#
##.#...
./<..#.@.......###.#####
... #h............### #
.................###.###
................>.##....
.............###.)##....
.....#..####.# ##)...##.
...).(.(# ..# ##).###.
~≈~!...## .... ##.# ##
.~.~... ..... #.# #


You could see a polar bear (berserk).

Vanquished Creatures
  A two-headed ogre (D:7)
  A polar bear (D:8)
  Sigmund (D:4)
  A wyvern (D:8)
  3 basilisks (D:8)
  A steam dragon (D:8)
  Duvessa (D:6)
  6 water moccasins
  An ice beast (D:8)
  A sky beast (D:7)
  5 black bears
  2 wolves (D:8)
  2 ogres
  A centaur (D:7)
  An elf zombie (Ossuary)
  A kobold brigand (D:7)
  A bullfrog (D:8)
  3 scorpions
  15 wights
  4 killer bees (D:7)
  Dowan (D:6)
  A howler monkey (D:6)
  A vampire bat (D:7)
  A wyvern simulacrum (D:8)
  A centaur zombie (Ossuary)
  6 hounds
  3 orc priests (D:6)
  3 human zombies (Ossuary)
  A jelly (D:5)
  6 iguanas
  8 orc wizards
  4 ogre zombies (Ossuary)
  7 mummies (Ossuary)
  4 gnolls (D:5)
  9 adders
  A white imp (D:7)
  2 ufetubi
  A worm zombie (D:7)
  2 adder zombies (Ossuary)
  3 worms
  19 orcs
  12 bats
  9 endoplasms
  A giant cockroach (D:1)
  12 goblins
  7 hobgoblins
  11 jackals
  10 kobolds
  3 quokkas (D:4)
  6 ball pythons
  3 frilled lizards
  4 goblin zombies (Ossuary)
  6 hobgoblin zombies
  3 kobold zombies
  4 quokka zombies (Ossuary)
  4 rats
  4 rat zombies (Ossuary)
235 creatures vanquished.

Notes
Turn   | Place    | Note
-------+----------+-------------------------------------------
     0 | D:1      | Kazon the Naga Fighter began the quest for the Orb.
     0 | D:1      | Reached XP level 1. HP: 21/21 MP: 1/1
    47 | D:1      | Identified a scroll of acquirement
    47 | D:1      | Acquired a +2 broad axe of venom
    63 | D:1      | Reached XP level 2. HP: 17/28 MP: 2/2
   283 | D:1      | Reached XP level 3. HP: 34/34 MP: 3/3
   514 | D:1      | Reached skill level 1 in Stealth
  1022 | D:2      | Reached XP level 4. HP: 40/42 MP: 4/4
  1030 | D:2      | Reached skill level 3 in Axes
  1317 | D:2      | Reached skill level 1 in Throwing
  1566 | D:3      | Found a blossoming altar of Fedhas.
  1586 | D:3      | Reached XP level 5. HP: 48/49 MP: 5/5
  1735 | D:3      | Identified the +2 sling "Qeuhanocyt" {speed, rElec Str-3
                  | Dex+2}
  1753 | D:3      | Found a faded altar of an unknown god.
  1800 | D:3      | Found a stormy altar of Qazlal.
  1975 | D:4      | Found a staircase to the Ecumenical Temple.
  1983 | Temple   | Entered the Ecumenical Temple
  1997 | Temple   | Became a worshipper of Warmaster Okawaru
  2045 | D:4      | Noticed Sigmund
  2049 | D:4      | Killed Sigmund
  2050 | D:4      | Reached skill level 1 in Invocations
  2050 | D:4      | Reached XP level 6. HP: 52/56 MP: 7/7
  2072 | D:4      | Noticed a black bear
  2083 | D:4      | Killed a black bear
  2084 | D:4      | Reached skill level 4 in Axes
  2093 | D:4      | Found a hazy altar of Hepliaklqana.
  2094 | D:4      | Found a shadowy altar of Dithmenos.
  2094 | D:4      | Noticed a shadow
  2162 | D:4      | Reached XP level 7. HP: 53/63 MP: 8/8
  2477 | D:4      | Reached * piety under Okawaru
  2722 | D:5      | Entered Level 5 of the Dungeon
  2821 | D:5      | Reached skill level 5 in Axes
  2879 | D:5      | Reached ** piety under Okawaru
  2881 | D:5      | Reached XP level 8. HP: 40/72 MP: 10/10
  3137 | D:6      | Noticed Dowan
  3137 | D:6      | Noticed Duvessa
  3143 | D:6      | Killed Dowan
  3154 | D:6      | Killed Duvessa
  3378 | D:6      | Reached skill level 1 in Dodging
  3461 | D:6      | Found a shimmering altar of Xom.
  3499 | D:6      | Reached skill level 6 in Axes
  3714 | D:7      | Reached skill level 1 in Evocations
  3723 | D:7      | Reached XP level 9. HP: 57/77 MP: 12/12
  3844 | D:7      | Reached *** piety under Okawaru
  3888 | D:7      | Found a sand-covered staircase.
  3905 | Ossuary  | Entered an ossuary
  4024 | Ossuary  | Reached skill level 1 in Maces & Flails
  4380 | Ossuary  | Reached skill level 5 in Stealth
  4718 | D:7      | Reached skill level 7 in Axes
  4793 | D:7      | Reached skill level 5 in Armour
  4977 | D:7      | Reached skill level 5 in Invocations
  5005 | D:7      | Noticed a two-headed ogre
  5011 | D:7      | Killed a two-headed ogre
  5012 | D:7      | Reached XP level 10. HP: 52/87 MP: 12/14
  5210 | D:8      | Reached skill level 5 in Shields
  5269 | D:8      | Reached skill level 5 in Fighting
  5345 | D:8      | Reached **** piety under Okawaru
  5385 | D:8      | Found a staircase to the Lair.
  5392 | D:8      | Found Izo Qiri's Assorted Antiques.
  5413 | D:8      | Bought a scroll labelled JIYFIZX FOFUA for 29 gold pieces
  5413 | D:8      | Bought a sedimented brown potion for 26 gold pieces
  5413 | D:8      | Bought a curved iron wand for 116 gold pieces
  5625 | D:8      | Reached skill level 5 in Evocations
  5650 | D:8      | Slain by a polar bear

Illustrated notes

Levels and vault maps discovered:
D:1:      ebering_trefoil_3fold, layout_basic, st_stairs_14, serial_bayou_ford_a
D:2:      layout_basic, hangedman_decor_growths, minmay_close_crescents
D:3:      layout_rooms, mainiacjoe_overflow_concentric_impassable,
          mainiacjoe_overflow_paths, shapermc_ecumenical_altar_acropolis,
          chequers_serial_rivers_micro_b
D:4:      layout_basic, riverfiend_overflow_shadow_ancestor,
          minmay_temple_entry_glass, uniq_sigmund
D:5:      layout_gridville
D:6:      layout_basic, xom_teletrap_fun, uniq_duvessa
D:7:      layout_loops_ring, enter_ossuary_3, roderic_batcave
D:8:      layout_layer_cave, minmay_lair_entry_grove, serial_shops,
          nicolae_lakefront_shop, serial_ice, serial_ice_o, serial_ice_d,
          serial_ice_k, serial_ice_a
Temple:   nicolae_temple_elliptical

Skill      XL: |  1  2  3  4  5  6  7  8  9 10 |
---------------+-------------------------------+-----
Stealth        | 1 2 4 5 |  5.5
Axes           | 3 4 5 6 7 |  7.9
Throwing       | 1 2 3 4 |  4.0
Armour         | 3 4 5 |  5.6
Shields        | 3 4 5 |  5.6
Invocations    | 1 2 4 5 6 |  6.1
Fighting       | 4 5 |  5.2
Dodging        | 1 2 |  2.1
Evocations     | 1 3 5 |  5.0
Maces & Flails | 2 3 |  3.2

Action                     |  1- 3 |  4- 6 |  7- 9 | 10-12 || total
---------------------------+-------+-------+-------+-------++-------
  Melee: War axe           |    23 |       |       |       ||    23
         Broad axe         |    55 |    72 |   142 |    63 ||   332
         Hand axe          |       |       |   113 |    97 ||   210
         Whip              |       |       |   214 |    46 ||   260
  Throw: Stone             |       |    10 |    12 |       ||    22
         Dart              |       |       |    18 |    12 ||    30
         Boomerang         |       |       |    25 |       ||    25
 Invoke: Heroism           |       |       |     6 |     4 ||    10
Ability: Spit Poison       |    14 |    23 |    34 |    11 ||    82
    Use: Scroll            |     2 |       |     1 |     1 ||     4
         Potion            |     1 |       |     3 |       ||     4
   Stab: Sleeping          |       |       |    10 |     2 ||    12
 Armour: Scale mail        |    40 |    27 |   136 |    92 ||   295
  Dodge: Dodged            |    24 |    10 |    56 |    36 ||   126
  Block: Buckler           |     5 |       |       |       ||     5
         Tower shield      |    21 |    51 |   325 |   171 ||   568
